 Dungeon Crawl Stone Soup version 0.21-a0-94-gdd6ab6a (webtiles) character file.

1774281 MackTheKnife the Conqueror (level 27, 225/268 HPs)
             Began as a Naga Wanderer on July 3, 2017.
             Was a High Priest of Hepliaklqana.
             Escaped with the Orb
             ... and 3 runes!
             The game lasted 02:18:05 (66452 turns).

MackTheKnife the Conqueror (Naga Wanderer)         Turns: 66452, Time: 02:18:05

Health: 225/268    AC: 46    Str: 29    XL:     27
Magic:  14/14      EV:  9    Int: 19    God:    Hepliaklqana [*****.]
Gold:   1859       SH: 25    Dex: 14    Spells: 26/26 levels left

rFire    + + .     SeeInvis +   b - +9 broad axe of the Heavens {antimagic, Int+3 SInv}
rCold    + + .     Gourm    .   t - +0 large shield
rNeg     + + .     Faith    .   K - +8 gold dragon scales
rPois    +         Spirit   .   k - +0 helmet
rElec    .         Reflect  +   m - scarf of the Thunderstorm {*Drain +Blink rC+ Int+4}
rCorr    .         Harm     .   R - +1 pair of gloves "Qydan" {rPois Str+4 Stlth-}
MR       ++++.                  z - +0 naga barding {Fly}
Stlth    ..........             A - amulet "Hossemn" {Reflect rN++ SH+4}
HPRegen  0.54/turn              q - +6 ring of evasion
MPRegen  0.14/turn              S - ring "Fymmeonn" {rF+ MR+ MP+9 Str+4}

@: flying, hasted, quick
A: reduced essence, slimy green scales 1, see invisible, deformed body,
deterioration 1, low mp 1, poison resistance, slowness 2, slow metabolism 1,
spit poison 1, weak 2, constrict 1, AC +9
0: Orb of Zot
}: 3/15 runes: serpentine, barnacled, silver
a: Spit Poison, Recall Ancestor, Ancestor Identity, Transference, Idealise,
Renounce Religion, Evoke Blink, Stop Flying


You escaped.
You worshipped Hepliaklqana.
Hepliaklqana was extremely pleased with you.
You were not hungry.

You visited 11 branches of the dungeon, and saw 52 of its levels.
You visited the Abyss 1 time.
You visited 1 bazaar.
You also visited: Trove, Ice Cave and Wizlab.

You collected 5596 gold pieces.
You spent 3737 gold pieces at shops.

Inventory:

Hand Weapons
 a - a +9 war axe of electrocution
   (You took it off a naga on level 1 of the Snake Pit)
 b - the +9 broad axe of the Heavens (weapon) {antimagic, Int+3 SInv}
   (You took it off a tengu reaver on level 5 of the Vaults)

   It reduces the magical energy of the wielder, and disrupts the spells and
   magical abilities of those hit.
   Natural abilities and divine invocations are not affected.
   It affects your intelligence (+3).
   It lets you see invisible.
Missiles
 y - 19 throwing nets {=f, !d}
Armour
 k - a +0 helmet (worn)
   (You found it on level 2 of the Shoals)
 m - the scarf of the Thunderstorm (worn) {*Drain +Blink rC+ Int+4}
   (You found it on level 1 of the Depths)

   It affects your intelligence (+4).
   It protects you from cold.
   It lets you blink.
   It causes draining when unequipped.
 t - a +0 large shield (worn)
   (You took it off a naga warrior on level 4 of the Snake Pit)
 z - a +0 naga barding of flying (worn)
   (You acquired it on level 2 of the Elven Halls)
 K - +8 gold dragon scales (worn)
   (You found it on level 3 of the Depths)
 R - the +1 pair of gloves "Qydan" (worn) {rPois Str+4 Stlth-}
   (You found it on level 14 of the Dungeon)

   It affects your strength (+4).
   It protects you from poison.
   It makes you less stealthy.
Jewellery
 d - the cursed necklace of Bloodlust {*Rage +Rage MR++ Int-3 Slay+6 *Curse}
   (You took it off a fire giant on level 4 of the Depths)

   [amulet of rage]

   It affects your intelligence (-3).
   It affects your accuracy and damage with ranged weapons and melee attacks
   (+6).
   It affects your resistance to hostile enchantments.
   It lets you go berserk.
   It may make you go berserk in combat.
   It curses itself when equipped.
   It has a curse placed upon it.
 q - a +6 ring of evasion (left hand)
   (You bought it in a shop on level 3 of the Snake Pit)
 A - the amulet "Hossemn" (around neck) {Reflect rN++ SH+4}
   (You found it on level 2 of the Depths)

   [amulet of reflection]

   It shields you and reflects attacks.
   It greatly protects you from negative energy.
   It affects your SH (+4).
 S - the ring "Fymmeonn" (right hand) {rF+ MR+ MP+9 Str+4}
   (You found it in a treasure trove)

   [ring of strength]

   It affects your strength (+4).
   It protects you from fire.
   It affects your resistance to hostile enchantments.
   It affects your magic capacity (+9).
 W - the ring "Epsouggo" {*Tele rElec rPois Str-3 SInv}
   (You took it off a frost giant on level 2 of the Depths)

   [ring of teleportation]

   It may teleport you next to monsters.
   It affects your strength (-3).
   It insulates you from electricity.
   It protects you from poison.
   It lets you see invisible.
Wands
 p - a wand of acid (2/15)
   (You found it on level 3 of the Depths)
 s - a wand of scattershot (6/9)
   (You found it on level 3 of the Depths)
 G - a wand of disintegration (15/24)
   (You found it on level 11 of the Dungeon)
 J - a wand of iceblast (5/15)
   (You found it on level 4 of the Depths)
 O - a wand of digging (13/24)
   (You found it on level 4 of the Shoals)
Scrolls
 c - 10 scrolls of teleportation
 f - 14 scrolls of remove curse
 o - 3 scrolls of identify
 r - 5 scrolls of recharging
 u - 2 scrolls of immolation {!r}
 w - 4 scrolls of blinking {!r}
 B - 2 scrolls of enchant weapon
 D - a scroll of brand weapon
 M - 3 scrolls of fear
 N - 2 scrolls of silence
 P - 2 scrolls of holy word {!r}
Potions
 i - 7 potions of magic
 n - 2 potions of agility
 v - 9 potions of curing
 E - 2 potions of invisibility
 F - 10 potions of flight
 H - 5 potions of lignification {!q}
 V - 2 potions of ambrosia
Miscellaneous
 e - a lamp of fire (inert)
   (You found it on level 1 of the Vaults)
 Y - a box of beasts
 Z - a phial of floods (inert)
   (You found it on level 3 of the Depths)
Comestibles
 g - 23 meat rations {@e2}
 j - 33 fruits
 x - 37 royal jellies


   Skills:
 O Level 27 Fighting
   Level 4.2 Short Blades
 - Level 17.3(17.9) Axes
   Level 8.7(14.0) Maces & Flails
 - Level 18.3 Armour
 - Level 21.2 Stealth
 - Level 15.0 Shields
 - Level 10.3 Invocations
 + Level 20.2 Evocations


You had 26 spell levels left.
You didn't know any spells.

Dungeon Overview and Level Annotations

Branches:
Dungeon (15/15)            Temple (1/1) D:5            Lair (6/6) D:9
 Shoals (4/4) Lair:2        Snake (4/4) Lair:2        Slime (0/5) Lair:6
    Orc (2/2) D:12            Elf (3/3) Orc:2        Vaults (5/5) D:14
  Crypt (2/3) Vaults:2     Depths (5/5) D:15            Zot (5/5) Depths:5

Altars:
Ashenzari
Cheibriados
Dithmenos
Elyvilon
Fedhas
Gozag
Hepliaklqana
Kikubaaqudgha
Makhleb
Nemelex Xobeh
Okawaru
Qazlal
Ru
Sif Muna
Trog
Uskayaw
Vehumet
Wu Jian
Xom
Yredelemnul
Zin
The Shining One
Jiyva

Shops:
Orc:2 :(**   Shoals:1 *   Snake:3 =   Depths:1 ***   Depths:4 *

Portals:
Hell: Depths:1 Depths:2 Depths:3 Depths:4
Abyss: Depths:2 Depths:3 Depths:4 Depths:5
Pandemonium: Depths:2 Depths:3
Ziggurat: Depths:3

Annotations:
Lair:5 Kias's ghost, journeyman SpEn; MirrMurr's ghost, journeyman HOFi
Snake:1 exclusion: Roxanne, Roxanne
Elf:2 3 runed doors
Elf:3 1 exclusion, MackTheKnife's ghost, adept GnBe
Vaults:5 ...
Crypt:1 Khufu
Crypt:2 Bai Suzhen
Zot:5 exclusion: upstairs


Innate Abilities, Weirdness & Mutations

You cannot wear boots.
Your serpentine skin is tough. (AC +9)
You have supernaturally acute eyesight. (SInv)
Armour fits poorly on your strangely shaped body.
Your system is resistant to poisons. (rPois)
You cover ground very slowly.
You have a slow metabolism.
You can spit poison.
You can use your snake-like lower body to constrict enemies.
Your life essence is reduced to manifest your ancestor. (-10% HP)
You are partially covered in slimy green scales. (AC +2)
Your body sometimes deteriorates upon taking damage.
Your magical capacity is low. (-10% MP)
You are very weak. (Str -4)


Message History

Louis gestures at the sixfirhy while chanting.
The sixfirhy easily resists.
Something tentacle-slaps Louis.
Something tentacle-slaps Louis!
Something tentacle-slaps Louis.
A chaos spawn and a pandemonium lord come into view.
Poteklare bleats, "Embrace thy fall, thou infectious weather-bitten baggage!"
The chaos spawn's ox head lows!
The sixfirhy seems less confused.
A soul eater comes into view.
Louis closely misses the sixfirhy.
Poteklare gestures at you. The bolt of energy hits you!
Louis barely misses the sixfirhy.
An ice devil comes into view.
You take 25 damage, and have 220/268 hp.
You block the sixfirhy's attack.
The soul eater draws from the surrounding life force!
You take 2 damage, and have 220/268 hp.
Unknown command.
Louis casts a spell.
The chaos spawn appears confused.
The sixfirhy easily resists.
The soul eater appears confused.
You block the sixfirhy's attack.
The chaos spawn closely misses the sixfirhy.
Louis gestures at the sixfirhy while chanting.
The sixfirhy easily resists.
You block the sixfirhy's attack. The sixfirhy closely misses you.
You block the sixfirhy's attack.
Okay, then.
Unknown command.
The sixfirhy hits you but does no damage.
You block the sixfirhy's attack. x2; The sixfirhy hits you.
The sixfirhy shocks you!
You take 14 damage, and have 209/268 hp.
Your extra speed is starting to run out.
Louis casts a spell.
The sixfirhy resists with almost no effort.
You block the sixfirhy's attack. x2
Louis points at the sixfirhy and mumbles some strange words.
The sixfirhy suddenly stops moving!
Louis points at the sixfirhy and mumbles some strange words.
The sixfirhy easily resists.
You feel yourself slow down.
Louis hits the sixfirhy with an antimagic quick blade.
Something hits Louis!
Louis hits the sixfirhy with an antimagic quick blade!
A balrug, a pandemonium lord, a small abomination and a large abomination come into view.
The balrug is wielding a demon whip of draining.
The balrug shouts!
Okay, then.
Aim the lamp in which direction?
Aim: Riafifyepn The trail of fire misses Riafifyepn.
The trail of fire hits the small abomination.
The trail of fire hits the large abomination.
The trail of fire hits the balrug.
The balrug completely resists.
The trail of fire hits Louis.
Louis resists.
Louis is engulfed in blazing flames.
Louis casts a spell.
Riafifyepn resists with almost no effort.
The large abomination resists with almost no effort.
The balrug resists with almost no effort.
The small abomination appears confused.
Riafifyepn is engulfed in blazing flames.
Louis is engulfed in blazing flames.
Louis hits the balrug with an antimagic quick blade!
The balrug's magic leaks into the air.
The small abomination is engulfed in blazing flames.
The small abomination hits the large abomination but does no damage.
Unknown command.
Okay, then.
Unknown command.
Unknown command.
You feel yourself speed up.
Riafifyepn is engulfed in blazing flames.
You block Riafifyepn's attack.
Louis is engulfed in blazing flames.
Louis hits the balrug with an antimagic quick blade!
The balrug's magic leaks into the air.
The large abomination is engulfed in blazing flames.
The small abomination is engulfed in blazing flames.
You destroy the small abomination!
Louis is engulfed in blazing flames.
Louis barely misses the balrug.
Riafifyepn is engulfed in blazing flames.
Louis is engulfed in blazing flames.
Louis hits the balrug with an antimagic quick blade!
The balrug's magic leaks into the air.
The large abomination is engulfed in blazing flames.
You block Riafifyepn's attack.
Something tentacle-slaps Louis.
Something tentacle-slaps Louis but does no damage.
Something tentacle-slaps Louis.
The large abomination is engulfed in blazing flames.
Louis has departed this plane of existence.
The large abomination is engulfed in blazing flames.
You block Riafifyepn's attack.
You see here 3 stones.
You feel a bit more experienced.
Riafifyepn gestures.
Riafifyepn gestures.
An Orb Guardian comes into view.
The rock shatters into small pieces.
This wand has 13 charges left.
There is a staircase leading out of the dungeon here.
You have escaped!

######(##
#...♣ #..#
#...♣ ##4##
#...♣
#..####...♣♣
##.4##.....♣
#.#.......♣♣
#.#84.8..8.♣
#.'...X.4..♣♣
#.'.....&@..♣
#.'........♣♣
###8..8..8.♣
##.......♣
##......♣
##....♣♣
#....♣ #...♣♣
#..♣♣


You could see Riafifyepn, an Orb Guardian, a hellwing, a rust devil and a red
devil.

Vanquished Creatures
  An orb of fire (Zot:5)
  A juggernaut (Depths:5)
  5 ancient liches
  Xtahua (Depths:4)
  Margery (Vaults:3)
  2 caustic shrikes
  2 Killer Klowns (Zot:5)
  2 curse toes (Zot:5)
  6 golden dragons
  Jory (Vaults:3)
  Jorgrun (Depths:3)
  A hellephant (D:8)
  An electric golem (Zot:5)
  6 liches
  8 tentacled monstrosities
  22 Orb Guardians
  2 titans (Vaults:5)
  A quicksilver dragon (shapeshifter) (Vaults:5)
  Asterion (Elf:1)
  5 quicksilver dragons
  6 acid blobs (Zot:3)
  2 death cobs
  An Executioner (Depths:1)
  9 tengu reavers
  8 shadow dragons
  8 sphinxes
  Polyphemus (Shoals:3)
  An eldritch tentacle (WizLab)
  Donald (Elf:1)
  7 storm dragons
  Ilsuiw (Shoals:4)
  5 draconian monks
  17 fire giants
  2 deep elf sorcerers
  12 nagarajas
  12 frost giants
  3 draconian knights
  3 iron dragons
  A cacodemon (Zot:5)
  2 draconian shifters (Zot:3)
  A ghost moth (Zot:5)
  16 vault wardens
  A draconian scorcher (Zot:3)
  An orc warlord (Orc:2)
  A ghoul (Crypt:2)
  12 ironheart preservers
  10 draconian stormcallers
  4 war gargoyles
  11 very ugly things
  7 vampire knights
  4 draconian annihilators
  2 entropy weavers (Vaults:1)
  2 deep elf demonologists
  18 stone giants
  A lorocyproca (Depths:2)
  20 yellow draconians
  9 green draconians
  8 red draconians
  8 purple draconians
  10 spark wasps
  5 black draconians
  3 deep elf annihilators
  An eidolon (Vaults:2)
  7 white draconians
  A crystal guardian (Vaults:4)
  A blizzard demon (Depths:2)
  6 merfolk javelineers (Shoals:4)
  20 yaktaur captains
  4 deep elf death magi
  2 jiangshi (Depths:3)
  18 ettins
  The ghost of Ordine the Basher, a journeyman GrFi of Okawaru (Lair:3)
  10 fire dragons
  8 merfolk impalers
  3 deep elf high priests
  10 great orbs of eyes
  A great orb of eyes (shapeshifter) (Vaults:4)
  20 ogre magi
  30 vault guards
  2 spriggan air magi
  4 rakshasas
  A hell beast (D:4)
  9 hydras
  6 naga warriors
  15 ice dragons
  3 death knights
  13 centaur warriors
  3 merfolk avatars
  12 anacondas
  A queen ant (Lair:3)
  A catoblepas (Lair:6)
  13 dancing weapons
  5 merfolk aquamancers (Shoals:4)
  4 tengu warriors
  66 two-headed ogres
  2 death yaks (Shoals:3)
  A satyr (Shoals:4)
  13 deep troll earth magi
  12 naga sharpshooters
  A two-headed ogre (shapeshifter) (Depths:2)
  7 deep troll shamans
  8 spriggan berserkers
  3 thrashing horrors (WizLab)
  4 vampire magi
  3 orc high priests
  8 shock serpents
  2 fire crabs (shapeshifter)
  2 soul eaters
  17 deep elf knights
  A storm dragon skeleton (Vaults:3)
  2 shadow wraiths
  3 sixfirhies
  2 iron trolls (Depths:3)
  13 sea snakes
  8 skeletal warriors
  3 golden dragon zombies
  9 wizards
  2 unseen horrors
  3 glowing orange brains
  21 hell knights
  An unseen horror (shapeshifter) (Vaults:3)
  3 naga ritualists
  10 deep elf archers
  A lindwurm (Lair:6)
  16 deep trolls
  2 hexers
  18 harpies
  10 necromancers
  5 flayed ghosts
  12 orc knights
  18 ironbrand convokers
  10 mana vipers
  A wolf spider zombie (D:14)
  A tengu zombie (Vaults:3)
  6 phantasmal warriors
  A harpy (shapeshifter) (Vaults:4)
  5 wolf spiders
  2 stone giant zombies
  59 ugly things
  2 salamanders (shapeshifter)
  A tengu skeleton (Vaults:4)
  3 human zombies
  A faun (shapeshifter) (Vaults:5)
  7 orc sorcerers
  A shadow dragon skeleton (Depths:3)
  7 fauns
  54 deep elf magi
  6 oklob plants (Zot:3)
  21 manticores
  A manticore (shapeshifter) (Vaults:5)
  3 salamanders
  Maurice (Orc:2)
  2 stone giant skeletons (Vaults:5)
  2 moths of wrath (shapeshifter)
  A frost giant skeleton (Vaults:3)
  32 black mambas
  5 cyclopes
  A worldbinder (WizLab)
  16 moths of wrath
  2 guardian serpents
  2 ice statues (IceCv)
  A black mamba (shapeshifter) (Vaults:2)
  2 orange demons
  A dire elephant zombie (Crypt:1)
  8 water nymphs
  10 merfolk sirens
  A smoke demon (WizLab)
  15 naga magi
  17 elephants
  12 vault sentinels
  3 molten gargoyles (Lair:6)
  A spiny frog (shapeshifter) (Depths:3)
  11 spiny frogs
  2 storm dragon simulacra
  7 freezing wraiths
  2 rime drakes (Lair:4)
  An elf zombie (Vaults:5)
  2 demonic crawlers (WizLab)
  2 kobold demonologists (D:15)
  55 yaktaurs
  6 hellwings
  11 komodo dragons
  A rime drake (shapeshifter) (Depths:4)
  An elf skeleton (Depths:3)
  A yaktaur skeleton (Vaults:5)
  A queen bee (D:12)
  A red devil (D:12)
  7 tengu conjurers
  12 trolls
  2 ice devils (Depths:2)
  3 wind drakes
  2 meliai (D:12)
  27 merfolk
  3 polar bears
  13 hornets
  Prince Ribbit (D:6)
  14 blink frogs
  A raiju (WizLab)
  28 slime creatures
  A frost giant simulacrum (Crypt:1)
  A jumping spider zombie (Crypt:1)
  A bog body (Crypt:1)
  12 hippogriffs
  6 snapping turtles
  9 dream sheep
  A death drake skeleton (Crypt:1)
  A hippogriff (shapeshifter) (Vaults:3)
  A large abomination (D:1)
  2 human simulacra (Vaults:5)
  5 spriggans
  A ynoxinul (Abyss:2)
  51 yaks
  7 wraiths
  A redback (shapeshifter) (Vaults:5)
  The ghost of MackTheKnife the Skirmisher, an amateur NaWn (D:3)
  9 water elementals
  Eustachio (D:6)
  10 air elementals
  7 redbacks (Vaults:1)
  2 small abominations
  3 fire elementals
  4 basilisks
  7 wyverns
  15 humans (D:14)
  A hungry ghost (D:12)
  2 steam dragons
  A human (shapeshifter) (Vaults:2)
  Grum (D:10)
  A basilisk (shapeshifter) (Depths:4)
  3 chaos spawn
  7 wargs
  4 insubstantial wisps (WizLab)
  The ghost of Ordine the Cudgeler, an amateur GrFi (D:4)
  6 soldier ants
  5 spatial vortices (WizLab)
  18 water moccasins
  2 acid dragons
  46 nagas
  3 floating eyes (Depths:2)
  12 porcupines
  10 hell hounds
  A black bear (D:13)
  8 ice beasts
  29 orc warriors
  An eye of draining (D:14)
  2 sky beasts
  An ettin simulacrum (Vaults:5)
  A phantom (D:5)
  50 ogres
  5 necrophages
  An eye of draining (shapeshifter) (Vaults:5)
  10 boggarts
  16 wolves
  19 centaurs
  13 crocodiles
  A swamp dragon skeleton (Crypt:2)
  Blork the orc (D:6)
  A big kobold (D:15)
  3 earth elementals
  A bullfrog (shapeshifter) (Vaults:4)
  17 bullfrogs
  A deep troll simulacrum (Vaults:4)
  A water moccasin skeleton (D:10)
  3 scorpions
  25 killer bees
  12 wights
  A vampire bat (Lair:5)
  A crimson imp (Vaults:1)
  2 centaur zombies
  25 jellies
  2 quasits
  5 lava snakes (Lair:6)
  27 orc priests
  4 bullfrog skeletons
  2 bullfrog zombies
  5 hounds
  2 iron imps
  5 centaur skeletons
  12 human skeletons (Vaults:1)
  4 iguanas
  30 orc wizards
  6 hell rats (Lair:5)
  28 worker ants
  2 hound skeletons (D:7)
  A howler monkey zombie (D:9)
  14 adders
  5 shadow imps
  2 white imps
  2 oozes (D:1)
  An adder skeleton (D:4)
  4 worms
  A dart slug (D:2)
  A dart slug (shapeshifter) (Vaults:5)
  7 leopard geckos
  95 orcs
  A giant cockroach (D:3)
  6 goblins
  8 hobgoblins
  4 jackals (D:5)
  15 kobolds
  5 quokkas
  5 ball pythons
  10 bats
  6 frilled lizards
  2 jackal skeletons
  2 quokka zombies
  8 rats
  3 plants
2293 creatures vanquished.

Vanquished Creatures (collateral kills)
  2 orbs of fire (Zot:5)
  A juggernaut (Depths:2)
  2 golden dragons (Zot:2)
  An electric golem (Zot:5)
  4 tentacled monstrosities
  2 titans (Depths:2)
  2 Orb Guardians (Zot:5)
  3 storm dragons
  A shadow dragon (Vaults:5)
  2 tengu reavers
  A nagaraja (Snake:4)
  2 fire giants
  An iron dragon (Depths:3)
  A draconian scorcher (Zot:2)
  A frost giant (Depths:1)
  A ghost moth (Zot:2)
  A draconian stormcaller (Zot:2)
  2 very ugly things
  5 stone giants
  A yellow draconian (Zot:5)
  A purple draconian (Depths:5)
  A red draconian (Zot:1)
  2 ettins (Vaults:5)
  2 black draconians
  4 fire dragons
  Josephine (Lair:6)
  3 jiangshi (Depths:3)
  3 yaktaur captains
  An ice dragon (Depths:3)
  A great orb of eyes (Vaults:2)
  3 vault guards
  A caustic shrike simulacrum (Depths:3)
  A catoblepas (Shoals:3)
  A hydra (Lair:6)
  7 two-headed ogres
  2 dancing weapons
  4 ogre magi
  A deep troll earth mage (Depths:3)
  A shock serpent (Snake:4)
  A deep elf knight (Elf:3)
  2 hell knights
  A spriggan berserker (Depths:5)
  2 naga sharpshooters
  A sea snake (Snake:4)
  3 deep trolls
  2 necromancers
  3 wizards
  4 harpies
  3 deep elf archers
  6 deep elf magi
  3 ugly things (D:15)
  2 wolf spiders
  An orc sorcerer (Orc:2)
  4 manticores
  A cyclops (Shoals:3)
  A human zombie (Vaults:5)
  3 guardian serpents
  4 elephants
  4 moths of wrath
  A merfolk siren (Shoals:4)
  2 naga magi
  2 water nymphs
  2 black mambas
  2 smoke demons (D:4)
  An orange demon (Zot:3)
  A torpor snail (Lair:4)
  A spiny frog (Lair:6)
  A komodo dragon (shapeshifter) (D:15)
  A centaur skeleton (D:11)
  A komodo dragon (Lair:6)
  A yaktaur (shapeshifter) (Depths:3)
  A freezing wraith (Vaults:3)
  6 yaktaurs
  A tormentor (D:4)
  2 tengu conjurers
  A red devil (Zot:1)
  12 merfolk
  4 meliai
  2 wind drakes
  A blink frog (Lair:2)
  14 slime creatures
  A dream sheep (Lair:4)
  A snapping turtle (Shoals:2)
  2 hippogriffs
  5 yaks
  A water elemental (Shoals:3)
  A wyvern (Lair:6)
  A spriggan (Depths:3)
  A wraith (Lair:6)
  2 humans (D:14)
  A chaos spawn (D:9)
  A steam dragon (Lair:6)
  A hell hound (Lair:6)
  An acid dragon (Vaults:2)
  3 orc warriors
  3 water moccasins
  2 ice beasts
  2 boggarts
  4 ogres
  A wolf (Lair:3)
  4 centaurs
  2 crocodiles (Lair:2)
  A big kobold (D:15)
  A bullfrog (D:13)
  An earth elemental (Elf:1)
  A killer bee (D:12)
  3 orc wizards
  An orc priest (Orc:2)
  4 jellies
  An iguana (D:11)
  2 worker ants (Lair:3)
  An adder (D:11)
  A shadow imp (Depths:2)
  3 orcs
247 creatures vanquished.

Vanquished Creatures (others)
  A nagaraja (Snake:4)
  2 stone giants
  A fire dragon (Depths:3)
  An ogre mage (Vaults:5)
  A deep elf archer (Vaults:3)
  A deep elf mage (Elf:1)
  An ugly thing (IceCv)
  A black mamba (Snake:4)
  6 yaktaurs
  A hellwing (D:6)
  A human (D:14)
  A naga (Snake:4)
  An ogre (Vaults:4)
  42 hexers
  An orc priest (Orc:1)
  2 ancestors
  An iguana (shapeshifter) (Vaults:2)
  16 fungi
  14 plants
95 creatures vanquished.

Grand Total: 2635 creatures vanquished

Notes
Turn   | Place    | Note
-------+----------+-------------------------------------------
     0 | D:1      | MackTheKnife the Naga Wanderer began the quest for the Orb.
     0 | D:1      | MackTheKnife set off with: a +2 spear, a +0 ring mail, a scroll of teleportation, a bread ration {@e1}
     0 | D:1      | Reached XP level 1. HP: 25/25 MP: 1/1
    28 | D:1      | Reached skill level 2 in Stealth
    85 | D:1      | Reached XP level 2. HP: 17/32 MP: 2/2
   322 | D:1      | Reached skill level 3 in Stealth
   782 | D:1      | Reached XP level 3. HP: 32/39 MP: 3/3
  1320 | D:2      | Reached skill level 4 in Stealth
  1320 | D:2      | Reached XP level 4. HP: 33/48 MP: 4/4
  1681 | D:2      | Found a snail-covered altar of Cheibriados.
  1686 | D:2      | Found a glowing golden altar of the Shining One.
  2013 | D:2      | Reached skill level 2 in Shields
  2097 | D:3      | Noticed MackTheKnife's ghost (amateur NaWn)
  2486 | D:3      | Reached XP level 5. HP: 52/55 MP: 5/5
  2580 | D:3      | Reached skill level 1 in Short Blades
  2803 | D:3      | Reached skill level 2 in Short Blades
  3096 | D:3      | Reached XP level 6. HP: 62/62 MP: 6/6
  3227 | D:3      | Reached skill level 3 in Short Blades
  3397 | D:4      | Noticed Ordine's ghost (amateur GrFi)
  3433 | D:4      | Killed Ordine's ghost
  3433 | D:4      | Reached skill level 4 in Short Blades
  3606 | D:4      | Reached skill level 1 in Maces & Flails
  3742 | D:4      | Noticed a necrophage
  3752 | D:4      | Killed a necrophage
  3752 | D:4      | Reached skill level 2 in Maces & Flails
  3752 | D:4      | Reached XP level 7. HP: 63/67 MP: 7/7
  3830 | D:4      | Reached skill level 3 in Maces & Flails
  4351 | D:5      | Entered Level 5 of the Dungeon
  4378 | D:5      | Reached skill level 4 in Maces & Flails
  4408 | D:5      | Reached skill level 5 in Maces & Flails
  4732 | D:5      | You fall through a shaft for 3 floors!
  4751 | D:8      | Reached XP level 8. HP: 63/75 MP: 8/8
  4808 | D:8      | Reached skill level 6 in Maces & Flails
  4981 | D:7      | Noticed a two-headed ogre
  4992 | D:7      | Killed a two-headed ogre
  4992 | D:7      | Reached skill level 8 in Maces & Flails
  5034 | D:6      | Got a scorched hand axe
  5064 | D:6      | Identified the +8 hand axe of Dawn {vamp, Str+2} (You found it on level 6 of the Dungeon)
  5127 | D:6      | Noticed Prince Ribbit
  5140 | D:6      | Killed Prince Ribbit
  5140 | D:6      | Reached skill level 3 in Axes
  5140 | D:6      | Reached XP level 9. HP: 48/81 MP: 9/9
  5341 | D:6      | Found a radiant altar of Vehumet.
  5395 | D:6      | Got a scorched whip
  5555 | D:6      | Noticed Eustachio
  5577 | D:6      | Killed Eustachio
  5577 | D:6      | Reached skill level 4 in Axes
  5713 | D:6      | Found a deep blue altar of Sif Muna.
  5754 | D:6      | Noticed Blork the orc
  5772 | D:6      | Killed Blork the orc
  5772 | D:6      | Reached skill level 5 in Axes
  5777 | D:6      | Identified the +8 whip of Ykkolylo {flame, Int+4} (You found it on level 6 of the Dungeon)
  5912 | D:6      | Reached skill level 6 in Axes
  6372 | D:7      | Found a shattered altar of Ashenzari.
  6372 | D:7      | Found a shadowy altar of Dithmenos.
  6404 | D:7      | Noticed a white ugly thing
  6419 | D:7      | Killed a white ugly thing
  6419 | D:7      | Reached skill level 7 in Axes
  6575 | D:7      | Found a burning altar of Makhleb.
  6618 | D:7      | Reached skill level 8 in Axes
  6976 | D:7      | Reached XP level 10. HP: 90/90 MP: 10/10
  7297 | D:8      | Reached skill level 9 in Axes
  7853 | D:9      | Found a staircase to the Lair.
  7873 | D:9      | HP: 22/89 [warg (11)]
  7879 | D:9      | HP: 21/89 [hippogriff (4)]
  7893 | D:9      | Reached skill level 10 in Axes
  8353 | D:10     | Entered Level 10 of the Dungeon
  8773 | D:5      | Found a staircase to the Ecumenical Temple.
  8782 | Temple   | Entered the Ecumenical Temple
  8810 | Temple   | Became a worshipper of Hepliaklqana the Forgotten
  9107 | D:10     | Noticed Grum
  9107 | D:10     | Noticed a two-headed ogre
  9133 | D:10     | Killed a two-headed ogre
  9133 | D:10     | Reached skill level 11 in Axes
  9138 | D:10     | HP: 9/81 [Grum/halberd (13)]
  9143 | D:10     | HP: 5/81 [Grum/halberd (12)]
  9147 | D:10     | Killed Grum
  9426 | D:10     | Noticed a two-headed ogre
  9436 | D:10     | Killed a two-headed ogre
  9436 | D:10     | Reached skill level 12 in Axes
  9436 | D:10     | Reached XP level 11. HP: 54/87 MP: 11/11
  9860 | D:10     | Noticed a two-headed ogre
  9873 | D:10     | Killed a two-headed ogre
 10045 | D:10     | Reached skill level 13 in Axes
 10289 | D:10     | Reached * piety under Hepliaklqana
 10612 | D:11     | Reached skill level 6 in Fighting
 10750 | D:11     | Reached skill level 7 in Fighting
 10808 | D:11     | Noticed a manticore
 10821 | D:11     | Killed a manticore
 11059 | D:11     | Noticed a wizard
 11067 | D:11     | Killed a wizard
 11067 | D:11     | Reached skill level 8 in Fighting
 11382 | D:12     | HP: 14/93 [meliai/divine providence (12)]
 11383 | D:12     | HP: 2/93 [meliai/divine providence (13)]
 11714 | Lair:1   | Entered Level 1 of the Lair of Beasts
 11744 | Lair:1   | Reached skill level 9 in Fighting
 12031 | Lair:1   | Reached ** piety under Hepliaklqana
 12032 | Lair:1   | Remembered your ancestor Louis as a hexer
 12040 | Lair:1   | Reached XP level 12. HP: 100/104 MP: 12/12
 12096 | Lair:1   | Noticed a five-headed hydra
 12104 | Lair:1   | Killed a five-headed hydra
 12104 | Lair:1   | Reached skill level 10 in Fighting
 12901 | Lair:1   | Noticed a six-headed hydra
 12913 | Lair:1   | Killed a six-headed hydra
 12913 | Lair:1   | Reached skill level 11 in Fighting
 13142 | Lair:2   | Found a staircase to the Shoals.
 13646 | Lair:2   | Reached skill level 12 in Fighting
 13717 | Lair:2   | HP: 23/110 [elephant (10)]
 13722 | Lair:2   | HP: 20/110 [poisoned by a spiny frog]
 13727 | Lair:2   | HP: 17/110 [poisoned by a spiny frog]
 13733 | Lair:2   | HP: 15/110 [poisoned by a spiny frog]
 13739 | Lair:2   | HP: 13/110 [poisoned by a spiny frog]
 13744 | Lair:2   | HP: 12/110 [poisoned by a spiny frog]
 13752 | Lair:2   | HP: 13/110 [poisoned by a spiny frog]
 13812 | Lair:2   | HP: 26/110 [adder (2)]
 14135 | Lair:2   | Found a staircase to the Snake Pit.
 14152 | Lair:2   | Reached skill level 13 in Fighting
 14405 | Lair:1   | HP: 22/113 [elephant (11)]
 14770 | Lair:1   | Gained mutation: You can use your snake-like lower body to constrict enemies. [Naga growth]
 14770 | Lair:1   | Reached XP level 13. HP: 87/119 MP: 13/13
 15225 | Lair:2   | Reached skill level 14 in Fighting
 15526 | Lair:3   | Got a tattered robe
 15690 | Lair:3   | Noticed Ordine's ghost (journeyman GrFi)
 15739 | Lair:3   | Killed Ordine's ghost
 15739 | Lair:3   | Reached skill level 15 in Fighting
 16193 | Lair:3   | Reached *** piety under Hepliaklqana
 16471 | Lair:4   | Found an opulent altar of Gozag.
 16534 | Lair:4   | Found a frozen archway.
 16540 | Lair:4   | Noticed an ice dragon
 16570 | Lair:4   | Killed an ice dragon
 16584 | IceCv    | Entered an ice cave
 16612 | IceCv    | Found a transporter.
 17239 | Lair:4   | Reached skill level 16 in Fighting
 17304 | Lair:4   | Reached skill level 2 in Armour
 17454 | Lair:4   | Reached skill level 3 in Armour
 17632 | Lair:4   | Reached XP level 14. HP: 117/135 MP: 14/14
 17650 | Lair:4   | Reached skill level 4 in Armour
 17780 | Lair:5   | Noticed Kias's ghost (journeyman SpEn)
 17868 | Lair:5   | Noticed MirrMurr's ghost (journeyman HOFi)
 17908 | Lair:4   | Reached skill level 5 in Armour
 18728 | Lair:5   | Got a twisted robe
 18779 | Lair:5   | HP: 25/135 [eight-headed hydra (9)]
 18781 | Lair:5   | Reached skill level 6 in Armour
 19217 | Lair:5   | HP: 33/135 [poisoned by Kias's ghost]
 19222 | Lair:4   | HP: 30/135 [poisoned by Kias's ghost]
 19227 | Lair:4   | HP: 27/135 [poisoned by Kias's ghost]
 19233 | Lair:4   | HP: 25/135 [poisoned by Kias's ghost]
 19238 | Lair:4   | HP: 25/135 [poisoned by Kias's ghost]
 19245 | Lair:4   | HP: 25/135 [poisoned by Kias's ghost]
 19253 | Lair:4   | HP: 25/135 [poisoned by Kias's ghost]
 19706 | Lair:6   | Entered Level 6 of the Lair of Beasts
 19908 | Lair:6   | Reached skill level 7 in Armour
 19931 | Lair:6   | Reached **** piety under Hepliaklqana
 20147 | Lair:6   | Reached skill level 8 in Armour
 20201 | Lair:6   | Noticed Josephine
 20211 | Lair:6   | Found a viscous altar of Jiyva.
 20369 | Lair:6   | Reached skill level 9 in Armour
 20527 | Lair:6   | Found a staircase to the Slime Pits.
 20618 | Lair:6   | Killed Josephine
 21537 | Lair:6   | Found a large runed door.
 21538 | Lair:6   | Found a large runed door.
 21548 | Lair:6   | Reached skill level 10 in Armour
 21801 | Lair:6   | Reached XP level 15. HP: 66/141 MP: 15/15
 22420 | D:12     | Found a staircase to the Orcish Mines.
 22913 | Orc:1    | Entered Level 1 of the Orcish Mines
 23090 | Orc:1    | Reached skill level 11 in Armour
 23267 | Orc:2    | Entered Level 2 of the Orcish Mines
 23415 | Orc:1    | Noticed an orc warlord
 23453 | Orc:2    | Killed an orc warlord
 23578 | Orc:2    | Found a staircase to the Elven Halls.
 23796 | Orc:2    | Noticed Maurice
 23808 | Orc:2    | Killed Maurice
 23883 | Orc:2    | Found Celuz's Assorted Antiques.
 23883 | Orc:2    | Found Ivathrul's Weapon Shop.
 23896 | Orc:2    | Found Sicvaz's Book Shop.
 23919 | Orc:2    | Found Jacor's Assorted Antiques.
 23925 | Orc:2    | Bought a potion of heal wounds for 135 gold pieces
 23928 | Orc:2    | Bought a smoky green potion for 25 gold pieces
 23928 | Orc:2    | Bought a scroll of identify for 56 gold pieces
 23928 | Orc:2    | Bought a potion of curing for 84 gold pieces
 23938 | Orc:2    | Gained mutation: You are partially covered in slimy green scales. (AC +2) [potion of mutation]
 23938 | Orc:2    | Gained mutation: You possess an exceptional clarity of mind. [potion of mutation]
 24238 | D:12     | Reached ***** piety under Hepliaklqana
 25227 | D:13     | Reached skill level 1 in Invocations
 25460 | D:14     | Reached skill level 2 in Invocations
 25526 | D:14     | Reached skill level 3 in Invocations
 25637 | D:14     | Reached skill level 4 in Invocations
 25924 | D:14     | Reached skill level 5 in Invocations
 26332 | D:14     | Reached skill level 6 in Invocations
 26363 | D:14     | Found a gate to the Vaults.
 26383 | D:14     | Reached skill level 7 in Invocations
 26383 | D:14     | Reached XP level 16. HP: 116/151 MP: 19/21
 26399 | D:14     | Got a pair of slimy gloves
 26421 | D:14     | Identified the +1 pair of gloves "Qydan" {rPois Str+4 Stlth-} (You found it on level 14 of the Dungeon)
 26719 | D:15     | Entered Level 15 of the Dungeon
 26741 | D:15     | Reached skill level 8 in Invocations
 26947 | D:15     | Reached skill level 9 in Invocations
 26991 | D:15     | Found a staircase to the Depths.
 27357 | D:15     | Reached skill level 10 in Invocations
 27419 | D:15     | Got an encrusted leather armour
 27719 | Snake:1  | Entered Level 1 of the Snake Pit
 27873 | Snake:1  | Reached ****** piety under Hepliaklqana
 27878 | Snake:1  | Got an ancient plate armour
 27962 | Snake:1  | Noticed Roxanne
 28008 | Snake:1  | Identified the +4 plate armour "Pytizagh" {rC+ Regen+ rCorr Slay-3} (You found it on level 1 of the Snake Pit)
 28018 | Snake:1  | Identified the +2 leather armour "Velaoz" {rElec Dex-3 Stlth+} (You found it on level 15 of the Dungeon)
 28890 | Snake:2  | Reached skill level 14 in Axes
 29134 | Snake:2  | Noticed a nagaraja
 29145 | Snake:2  | Killed a nagaraja
 29728 | Snake:3  | Noticed a nagaraja
 29734 | Snake:3  | Reached skill level 15 in Axes
 29935 | Snake:3  | Found Jaunoex's Jewellery Shop.
 29956 | Snake:3  | Bought a +6 ring of evasion for 1170 gold pieces
 30141 | Snake:3  | Reached XP level 17. HP: 129/157 MP: 13/24
 31012 | Snake:3  | Reached skill level 16 in Axes
 31190 | Snake:4  | Entered Level 4 of the Snake Pit
 31783 | Snake:4  | HP: 37/157 [naga sharpshooter/arrow (16)]
 31783 | Snake:4  | HP: 11/157 [naga sharpshooter/bolt (13)]
 31788 | Snake:4  | HP: 26/157 [poisoned by a nagaraja (splash of poison)]
 31794 | Snake:4  | HP: 23/157 [poisoned by a nagaraja (splash of poison)]
 31802 | Snake:3  | HP: 23/157 [poisoned by a nagaraja (splash of poison)]
 31810 | Snake:3  | HP: 24/157 [poisoned by a nagaraja (splash of poison)]
 32198 | Snake:4  | Reached skill level 17 in Axes
 32279 | Snake:4  | Reached skill level 3 in Shields
 32358 | Snake:4  | Reached skill level 4 in Shields
 32760 | Snake:4  | Reached skill level 5 in Shields
 32900 | Snake:4  | Reached skill level 6 in Shields
 32913 | Snake:4  | Reached XP level 18. HP: 157/164 MP: 25/25
 32917 | Snake:4  | Reached skill level 7 in Shields
 32965 | Snake:4  | Got a serpentine rune of Zot
 33106 | Snake:4  | Reached skill level 8 in Shields
 33247 | Shoals:1 | Entered Level 1 of the Shoals
 33349 | Shoals:1 | Found Ymutot's Assorted Antiques.
 33362 | Shoals:1 | Bought a scroll labeled QAJUNW AKHLUZOD for 36 gold pieces
 33764 | Shoals:1 | Reached skill level 9 in Shields
 34443 | Shoals:2 | Reached skill level 10 in Shields
 35143 | Shoals:3 | Noticed Polyphemus
 35172 | Shoals:3 | Killed Polyphemus
 35184 | Shoals:3 | Reached skill level 11 in Shields
 35520 | Shoals:4 | Entered Level 4 of the Shoals
 35533 | Shoals:4 | Noticed Ilsuiw
 35734 | Shoals:4 | Cast into level 2 of the Abyss (merfolk impaler)
 35782 | Shoals:4 | Escaped the Abyss
 36143 | Shoals:4 | Killed Ilsuiw
 36158 | Shoals:4 | Got a steaming rapier
 36163 | Shoals:4 | Identified the cursed +0 rapier of Eroucusu {pain, +Rage MR+} (You found it on level 4 of the Shoals)
 36298 | Shoals:4 | Reached XP level 19. HP: 133/171 MP: 26/26
 36344 | Shoals:4 | Reached skill level 12 in Shields
 36654 | Shoals:4 | Got a barnacled rune of Zot
 37128 | Shoals:4 | Got an iridescent great sword
 37262 | Shoals:4 | Identified the +8 great sword "Naotiat" {protect, rC+ rN+ Str-4} (You found it on level 4 of the Shoals)
 37584 | D:12     | Reached skill level 13 in Shields
 37657 | Vaults:1 | Entered Level 1 of the Vaults
 38127 | Vaults:1 | Found an ornate altar of the Wu Jian Council.
 38365 | Vaults:1 | HP: 41/171 [deep elf archer/uncursed dagger (6)]
 38792 | Vaults:1 | Reached skill level 14 in Shields
 40266 | Vaults:2 | Reached XP level 20. HP: 172/180 MP: 27/27
 40269 | Vaults:2 | Reached skill level 15 in Shields
 40351 | Vaults:2 | Reached skill level 5 in Stealth
 40359 | Vaults:2 | Reached skill level 6 in Stealth
 40378 | Vaults:2 | Reached skill level 7 in Stealth
 40435 | Vaults:2 | Reached skill level 8 in Stealth
 40444 | Vaults:2 | Reached skill level 9 in Stealth
 40529 | Vaults:2 | Reached skill level 10 in Stealth
 40598 | Vaults:2 | Reached skill level 11 in Stealth
 40815 | Vaults:2 | Reached skill level 12 in Stealth
 40824 | Vaults:2 | Found a staircase to the Crypt.
 41125 | Vaults:3 | Reached skill level 13 in Stealth
 41145 | Vaults:3 | Reached skill level 14 in Stealth
 41160 | Vaults:3 | Reached skill level 15 in Stealth
 41171 | Vaults:3 | Reached skill level 16 in Stealth
 41248 | Vaults:3 | Reached skill level 17 in Stealth
 41264 | Vaults:3 | Noticed Margery
 41339 | Vaults:3 | Reached skill level 18 in Stealth
 41494 | Vaults:3 | Reached skill level 19 in Stealth
 41500 | Vaults:3 | Killed Margery
 41516 | Vaults:3 | Reached skill level 20 in Stealth
 42043 | Vaults:3 | Noticed Jory
 42057 | Vaults:3 | Killed Jory
 42057 | Vaults:3 | Reached skill level 21 in Stealth
 42638 | Vaults:3 | Reached skill level 17 in Fighting
 42645 | Vaults:3 | Reached XP level 21. HP: 186/187 MP: 28/28
 42688 | Vaults:3 | Reached skill level 12 in Armour
 44071 | Vaults:4 | Found a portal to a secret trove of treasure.
 44116 | Trove    | Entered a treasure trove
 44152 | Trove    | Got an ancient copper ring
 44156 | Trove    | Got a pitted granite ring
 44172 | Trove    | Identified the ring "Fymmeonn" {rF+ MR+ MP+9 Str+4} (You found it in a treasure trove)
 44175 | Trove    | Identified the ring of the Good {+Inv +Fly rF+ Str+3 Stlth+} (You found it in a treasure trove)
 44178 | Trove    | Reached XP level 22. HP: 196/196 MP: 29/29
 44267 | Vaults:4 | Reached skill level 13 in Armour
 44320 | Vaults:4 | Got a faintly humming chain mail
 44343 | Vaults:4 | Identified the +0 chain mail "Loj Bicu" {rElec rF- rN+} (You found it on level 4 of the Vaults)
 45272 | Vaults:4 | Reached skill level 18 in Fighting
 45451 | Vaults:4 | Got an uncursed crystal arbalest {elec}
 45684 | Vaults:4 | Reached skill level 14 in Armour
 46230 | Elf:1    | Entered Level 1 of the Elven Halls
 46230 | Elf:1    | Noticed Donald
 46412 | Elf:1    | Noticed Asterion
 46438 | Elf:1    | Killed Asterion
 46660 | Elf:1    | Reached XP level 23. HP: 207/207 MP: 30/30
 46973 | Elf:1    | Killed Donald
 47885 | Elf:2    | Found a runed gate.
 47890 | Elf:2    | Reached skill level 19 in Fighting
 47891 | Elf:2    | Found a runed gate.
 47893 | Elf:2    | Found a runed gate.
 47896 | Elf:2    | Got an ancient scimitar
 48336 | Elf:3    | Entered Level 3 of the Elven Halls
 48353 | Elf:3    | Found a flickering gateway to a bazaar.
 48359 | Bazaar   | Entered a bazaar
 48359 | Bazaar   | Found Dihuvots's Gadget Shoppe.
 48359 | Bazaar   | Found Asyossoca's Weapon Shop.
 48361 | Bazaar   | Found Fipeofo's Assorted Antiques.
 48361 | Bazaar   | Found Xajygg's Book Shoppe.
 48416 | Bazaar   | Bought an ichor-stained plate armour for 896 gold pieces
 48416 | Bazaar   | Bought a potion of agility for 128 gold pieces
 48429 | Bazaar   | Identified the +10 plate armour "Ludwibrodo" {rPois} (You bought it in a shop in a bazaar)
 48450 | Bazaar   | Bought a phantom mirror for 270 gold pieces
 48450 | Bazaar   | Bought a phial of floods for 360 gold pieces
 48526 | Elf:3    | Identified a scroll of acquirement
 48537 | Elf:3    | Noticed MackTheKnife's ghost (adept GnBe)
 48553 | Elf:3    | Reached skill level 15 in Armour
 48870 | Depths:1 | Entered Level 1 of the Depths
 48934 | Depths:1 | Found Kupniem's Changing Room.
 49169 | Depths:1 | Found Samnit's Assorted Antiques.
 49169 | Depths:1 | Found Foufrisch's General Store.
 49189 | Depths:1 | Bought a potion of heal wounds for 150 gold pieces
 49189 | Depths:1 | Bought a scroll of fear for 105 gold pieces
 49320 | Depths:1 | Found a gateway to Hell.
 49360 | Depths:1 | Reached skill level 20 in Fighting
 49728 | Depths:1 | Got a jewelled scarf
 49739 | Depths:1 | Identified the scarf of the Thunderstorm {*Drain +Blink rC+ Int+4} (You found it on level 1 of the Depths)
 50223 | Depths:2 | Found a magical portal.
 50234 | WizLab   | Entered The Roulette of Golubria
 50234 | WizLab   | Found a transporter.
 50237 | WizLab   | Found a corrupted altar of Lugonu.
 50254 | WizLab   | Found a transporter.
 50269 | WizLab   | Found a transporter.
 50269 | WizLab   | Found a transporter.
 50293 | WizLab   | Found a transporter.
 50293 | WizLab   | Found a transporter.
 50304 | WizLab   | Reached XP level 24. HP: 194/219 MP: 30/30
 50391 | WizLab   | Found a transporter.
 50391 | WizLab   | Found a transporter.
 50410 | WizLab   | Found a transporter.
 50410 | WizLab   | Found a transporter.
 50434 | WizLab   | Found a transporter.
 50434 | WizLab   | Found a transporter.
 50473 | WizLab   | Found a transporter.
 50473 | WizLab   | Found a transporter.
 50473 | WizLab   | Found a corrupted altar of Lugonu.
 50492 | WizLab   | Found a transporter.
 50492 | WizLab   | Found a transporter.
 50524 | WizLab   | Found a transporter.
 50524 | WizLab   | Found a transporter.
 50553 | WizLab   | Got a slimy cloak
 50557 | WizLab   | Got a steaming cloak
 50597 | WizLab   | Found a transporter.
 50612 | WizLab   | Identified the cursed +0 cloak of the Duke {*Slow +Fly rPois rF+ Int+3} (You found it in a wizard's laboratory)
 50623 | WizLab   | Identified the +1 cloak "Oppofrew" {+Fly MR+ Int-2} (You found it in a wizard's laboratory)
 50712 | Depths:2 | Reached skill level 16 in Armour
 50831 | Depths:2 | Paralysed by a floating eye for 2 turns
 50843 | Depths:2 | Paralysed by a floating eye for 3 turns
 50899 | Depths:2 | Found a one-way gate to the infinite horrors of the Abyss.
 50983 | Depths:2 | Found a one-way gate leading to the halls of Pandemonium.
 51309 | Depths:2 | Got a wavering ruby amulet
 51310 | Depths:2 | Identified the amulet "Hossemn" {Reflect rN++ SH+4} (You found it on level 2 of the Depths)
 51458 | Depths:2 | Got a crude golden ring
 51523 | Depths:2 | Noticed a juggernaut
 51545 | Depths:2 | Killed a juggernaut
 51857 | Depths:2 | Noticed a caustic shrike
 51867 | Depths:2 | Killed a caustic shrike
 52054 | D:14     | Identified the ring "Epsouggo" {*Tele rElec rPois Str-3 SInv} (You took it off a frost giant on level 2 of the Depths)
 52199 | Crypt:1  | Entered Level 1 of the Crypt
 52269 | Crypt:1  | Noticed a greater mummy
 52273 | Crypt:1  | Noticed Khufu
 52304 | Crypt:1  | Reached skill level 21 in Fighting
 52349 | Crypt:2  | Noticed Bai Suzhen
 52796 | Depths:2 | Got a heavily runed lapis lazuli ring
 52930 | Depths:2 | Paralysed by a floating eye for 3 turns
 52948 | Depths:2 | Paralysed by a floating eye for 2 turns
 53182 | Depths:3 | Reached skill level 17 in Armour
 53226 | Depths:3 | Found a gateway to a ziggurat.
 53250 | Depths:3 | Reached skill level 1 in Evocations
 53266 | Depths:3 | Noticed Jorgrun
 53268 | Depths:3 | Reached skill level 2 in Evocations
 53273 | Depths:3 | Killed Jorgrun
 53273 | Depths:3 | Reached skill level 3 in Evocations
 53302 | Depths:3 | Reached skill level 4 in Evocations
 53340 | Depths:3 | Reached skill level 5 in Evocations
 53388 | Depths:3 | Reached skill level 6 in Evocations
 53404 | Depths:3 | Reached XP level 25. HP: 230/230 MP: 30/30
 53427 | Depths:3 | Reached skill level 7 in Evocations
 53443 | Depths:3 | Identified the cursed ring of Beauty {+Inv Str+2 Int-4 Dex-4} (You took it off a tengu reaver on level 2 of the Depths)
 53520 | Depths:3 | Reached skill level 8 in Evocations
 53695 | Depths:3 | Reached skill level 9 in Evocations
 54284 | Depths:3 | Reached skill level 10 in Evocations
 54569 | Depths:3 | Reached skill level 11 in Evocations
 54789 | Depths:3 | Reached skill level 12 in Evocations
 55606 | Vaults:5 | Entered Level 5 of the Vaults
 55624 | Vaults:5 | Reached skill level 13 in Evocations
 55731 | Vaults:5 | Noticed an ancient lich
 55739 | Vaults:5 | Killed an ancient lich
 55762 | Vaults:5 | Reached skill level 14 in Evocations
 55782 | Vaults:5 | Identified the Guide on Damaging Slavery
 55984 | Vaults:5 | Reached XP level 26. HP: 150/239 MP: 33/33
 56424 | Vaults:5 | Noticed an ancient lich
 56437 | Vaults:5 | Killed an ancient lich
 56608 | Vaults:5 | Got a pitted broad axe {antimagic}
 56612 | Vaults:5 | Identified the +9 broad axe of the Heavens {antimagic, Int+3 SInv} (You took it off a tengu reaver on level 5 of the Vaults)
 56698 | Vaults:5 | Reached skill level 22 in Fighting
 56895 | Vaults:5 | Reached skill level 18 in Armour
 57032 | Vaults:5 | Got a faintly glowing morningstar {flame}
 57326 | Vaults:5 | Got a silver rune of Zot
 57750 | Depths:4 | Got a fine ring mail
 57778 | Depths:4 | Reached XP level 27. HP: 251/251 MP: 33/33
 57828 | Depths:4 | Reached skill level 23 in Fighting
 58003 | Depths:4 | Noticed Xtahua
 58019 | Depths:4 | Killed Xtahua
 58216 | Depths:4 | Got a dazzling scale mail
 58365 | Depths:4 | Found Guinke's Assorted Antiques.
 58380 | Depths:4 | Bought a scroll of magic mapping for 161 gold pieces
 58380 | Depths:4 | Bought a scroll of magic mapping for 161 gold pieces
 58399 | Depths:5 | Entered Level 5 of the Depths
 58399 | Depths:5 | Noticed a juggernaut
 58905 | Depths:5 | Reached skill level 24 in Fighting
 58940 | Depths:5 | Killed a juggernaut
 59007 | Depths:5 | Found a gate to the Realm of Zot.
 59470 | Zot:1    | Entered Level 1 of the Realm of Zot
 59881 | Zot:1    | Reached skill level 25 in Fighting
 59997 | Zot:2    | HP: 52/261 [storm dragon (25)]
 60003 | Zot:2    | HP: 61/261 [golden dragon/bolt of cold (2)]
 60024 | Zot:2    | HP: 49/261 [tentacled monstrosity (5)]
 60032 | Zot:2    | HP: 60/262 [black draconian/bolt of lightning (26)]
 60039 | Zot:2    | HP: 60/262 [black draconian/bolt of lightning (3)]
 60045 | Zot:2    | HP: 44/262 [storm dragon/bolt of lightning (11)]
 60046 | Zot:2    | HP: 17/262 [storm dragon/bolt of lightning (28)]
 60056 | Zot:2    | HP: 42/262 [shadow dragon/bolt of negative energy (9)]
 60072 | Zot:2    | HP: 45/262 [storm dragon/bolt of lightning (2)]
 60083 | Zot:2    | HP: 44/262 [red draconian/searing blast (5)]
 60088 | Zot:2    | HP: 34/262 [black draconian/bolt of lightning (11)]
 60573 | Zot:2    | Reached skill level 26 in Fighting
 61484 | Zot:3    | HP: 39/266 [yellow draconian knight/shard of ice (31)]
 62073 | Zot:3    | Reached skill level 27 in Fighting
 62417 | Zot:3    | Reached skill level 15 in Evocations
 63118 | Zot:5    | Entered Level 5 of the Realm of Zot
 63395 | Zot:5    | Got a warped spear
 63419 | Zot:5    | Reached skill level 16 in Evocations
 63800 | Zot:5    | Noticed an ancient lich
 63823 | Zot:5    | Killed an ancient lich
 63823 | Zot:5    | Reached skill level 17 in Evocations
 63825 | Zot:5    | Noticed an ancient lich
 63836 | Zot:5    | Killed an ancient lich
 64111 | Zot:5    | Noticed an orb of fire
 64113 | Zot:5    | beem: I am beem. For help, type: !beem
 64114 | Zot:5    | HP: 61/265 [electric golem/bolt of lightning (11)]
 64119 | Zot:5    | HP: 56/265 [electric golem/bolt of lightning (5)]
 64128 | Zot:5    | Gained mutation: You are weak. (Str -2) [an orb of fire]
 64129 | Zot:5    | HP: 58/268 [orb of fire/fireball (10)]
 64134 | Zot:5    | Gained mutation: You are very weak. (Str -4) [an orb of fire]
 64134 | Zot:5    | HP: 43/268 [electric golem/bolt of lightning (6)]
 64135 | Zot:5    | Gained mutation: Your magical capacity is low. (-10% MP) [an orb of fire]
 64139 | Zot:5    | HP: 38/268 [orb of fire/bolt of fire (4)]
 64192 | Zot:5    | HP: 59/268 [acid (10)]
 64193 | Zot:5    | MackTheKnife: Suddenly yanked toward monsters...?
 64199 | Zot:5    | HP: 46/268 [orb of fire/fireball (7)]
 64200 | Zot:5    | Lost mutation: You possess an exceptional clarity of mind. [an orb of fire]
 64201 | Zot:5    | HP: 17/268 [orb of fire/fireball (15)]
 64206 | Zot:5    | HP: 17/268 [electric golem (9)]
 64206 | Zot:5    | HP: 6/268 [electric golem (6)]
 64206 | Zot:5    | Killed an orb of fire
 64206 | Zot:5    | Reached skill level 18 in Evocations
 64218 | Zot:5    | HP: 31/402 [ghost moth (1)]
 64219 | Zot:5    | HP: 13/402 [Orb Guardian (18)]
 65158 | Zot:5    | Noticed an orb of fire
 65188 | Zot:5    | Killed an orb of fire
 65188 | Zot:5    | Reached skill level 19 in Evocations
 65360 | Zot:5    | Noticed an ancient lich
 65378 | Zot:5    | Killed an ancient lich
 65421 | Zot:5    | Got the Orb of Zot
 65468 | Zot:5    | Noticed an orb of fire
 65470 | Zot:5    | Gained mutation: Your body sometimes deteriorates upon taking damage. [an orb of fire]
 65482 | Zot:5    | Killed an orb of fire
 65650 | Zot:2    | Noticed Nuolaeg the pandemonium lord
 66000 | D:13     | Noticed Eraxib the pandemonium lord
 66144 | D:8      | Reached skill level 20 in Evocations
 66215 | D:6      | Noticed an ancient lich
 66217 | D:6      | Noticed Juav the pandemonium lord
 66339 | D:3      | Killed MackTheKnife's ghost
 66410 | D:1      | Noticed Poteklare the pandemonium lord
 66432 | D:1      | Noticed Riafifyepn the pandemonium lord
 66452 | D:$      | Escaped with the Orb!

Vault maps used:
D:1:      kennysheep_arrival_forest
D:2:      kennysheep_slug_shrine, tso_metal_star, serial_forest,
          infiniplex_forest_straight_2, infiniplex_forest_lined_room_2,
          infiniplex_forest_lined_corner, infiniplex_forest_straight_4,
          infiniplex_forest_straight_3, infiniplex_forest_clump_double,
          infiniplex_forest_corner_1, infiniplex_forest_fountain
D:3:      kennysheep_generic_room_16
D:4:      dk_noncrumbling_3, minmay_tree_intersection
D:5:      temple_hall, first_bread
D:6:      led_sif_pool, lemuel_doored_altar, uniq_eustachio,
          uniq_prince_ribbit1, uniq_blork_the_orc
D:7:      makhleb_blood_cavern_becter, gammafunk_temple_overflow_statue
D:9:      erik_lair_orcish_takeover
D:10:     hangedman_pestilent_swarm, uniq_grum
D:11:     evilmike_butchery
D:12:     orc_0_dummy, special_room
D:13:     roderic_serpentine_path
D:14:     grunt_vaults_entry_tiered
D:15:     hangedman_depths_entry_civil_slaughter, serial_bayou_shore_a,
          minivault_19
Temple:   eino_wide_crystal_templ
Lair:1:   serial_bayou_shore_b
Lair:2:   elwin_shoals_entry_rooms, minmay_snake_entry_six_corridors
Lair:3:   minmay_another_anthill, grunt_megastairs_1
Lair:4:   basic_altar, portal_ice_cave_entry_animals_and_master,
          serial_bayou_pond_d
Lair:5:   basic_altar, roderic_batcave, beast_lair_carwin_2,
          serial_bayou_shore_b
Lair:6:   cheibrodos_lair_end_hotspot, slime_altar_1, st_stairs_13,
          uniq_josephine
Shoals:1: serial_shops, nicolae_shop_temple_entry_statues_fountains
Shoals:3: uniq_polyphemus
Shoals:4: shoals_end_simple, shoal_ilsuiw, nicolae_shoals_water_shrine,
          uniq_ilsuiw
Snake:1:  fake_guardian_serpent_vault, uniq_roxanne
Snake:3:  serial_shops, shop
Snake:4:  grunt_snake_rune_pools, spider_trap
Orc:2:    st_orc_mages, uniq_maurice
Elf:1:    minmay_elf_arrival_circle, special_room, hangedman_elf_represent,
          minmay_misc_feat_cross, uniq_donald, uniq_asterion
Elf:3:    minmay_elf_hall_not_hex, serial_shops, bzr_entry_safe, basic_altar,
          grunt_ministairs_1, nrook_mini_backslash, small_chamber_with_monster,
          palyth_stone_intersect
Vaults:1: ontoclasm_vaults_idyll, vaults_room_large_hall, v_misc_26,
          ontoclasm_vaults_bender, hangedman_vaults_cutoff,
          vaults_room_guarded_vault, ontoclasm_vaults_chip,
          ontoclasm_vaults_gateway, v_misc_28, hangedman_vaults_cutoff,
          dpeg_vaults_monster_row, v_misc_15, nicolae_vaults_little_ls,
          vaults_room_stairs_pillars, basic_altar
Vaults:2: minmay_crypt_entry_simple_plaza, v_pattern_5, vaults_room_fours,
          nicolae_vaults_network_quincunx, nicolae_vaults_little_squares_2,
          vaults_standard_mumra_x, vaults_room_hallway, vaults_room_pool,
          hangedman_vaults_locks
Vaults:3: v_pattern_2, nicolae_vaults_fighting_squares,
          vaults_mumra_minichess_inversion, hangedman_vaults_cutoff,
          hangedman_vaults_impose, hangedman_vaults_trim,
          nicolae_vaults_windows_and_doors_thing, ontoclasm_vaults_ligature,
          vaults_room_ringed_pool, grunt_vaults_trifunnel, vaults_dpeg_doors,
          v_misc_24, uniq_jory, uniq_margery
Vaults:4: st_spiral_rooms, vaults_room_fancy_cross, hangedman_vaults_nodes,
          nicolae_vaults_ring_of_whatevers, nicolae_vaults_yaktaur_gun_rack,
          ontoclasm_vaults_ring_small, nicolae_vaults_specimen_jars,
          ontoclasm_vaults_decontamination, vaults_dpeg_ring,
          vaults_room_door_ring, nicolae_vaults_border_crossing,
          nicolae_trove_entry_columns
Vaults:5: serial_shops
Crypt:1:  uniq_khufu
Crypt:2:  uniq_bai_suzhen
Depths:1: hell_entry, grunt_ministairs_2, nicolae_transmutations_shop,
          grunt_megastairs_2, kennysheep_random_hallway, minmay_shoptagon,
          firewood_loft, serial_bayou_shore_b
Depths:2: minmay_the_grid_triangle_9x9_recursive_2, abyss_entry,
          rand_demon_pan_entry_9, infiniplex_enter_wizlab_water,
          grunt_hell_entry_dis_grunt, hex_intersection,
          infiniplex_staircase_diamond, basic_stair_grate_trap
Depths:3: hangedman_grunt_twisty_little_passages, enter_ziggurat_e,
          hangedman_abyss_entry_splay, interstate_on_off, hell_entry, pan_entry,
          minmay_misc_feat_pillars, kennysheep_generic_room_11, uniq_jorgrun
Depths:4: minmay_concentric_multi, abyss_entry_small_statue_room, serial_shops,
          shop, hangedman_abyss_or_decor_slice, hell_entry,
          kennysheep_generic_room_2, uniq_xtahua
Depths:5: evilmike_zot_entry_argh, abyss_entry, hell_entry,
          nicolae_twisting_strands, nicolae_lava_and_water,
          lemuel_nasty_fountain, minmay_shop_grove
Zot:2:    grunt_megastairs_3
Zot:3:    lemuel_acid_trip
Zot:4:    guppyfry_library_mini, grunt_megastairs_4
Abyss:2:  evilmike_abyss_exit_1, evilmike_abyss_exit_chaos
Bazaar:   bazaar_minmay_generic_island
Trove:    trove_garden
IceCv:    ice_cave_statue_garden_teleport
WizLab:   wizlab_golubria

Skill      XL: |  1  2  3  4  5  6  7  8  9 10 11 12 13 14 15 16 17 18 19 20 21 22 23 24 25 26 27 |
---------------+----------------------------------------------------------------------------------+-----
Stealth        | 2 3 4 21 | 21.2
Shields        | 2 6 11 14 15 | 15.0
Short Blades   | 2 4 |  4.2
Maces & Flails | 2 5 8 |  8.7
Axes           | 3 8 12 13 15 17 | 17.3
Fighting       | 9 13 16 17 18 20 21 22 27 | 27.0
Armour         | 3 10 11 12 14 15 17 18 | 18.3
Invocations    | 7 10 | 10.3
Evocations     | 6 14 20 | 20.2

Action                   |  1- 3 |  4- 6 |  7- 9 | 10-12 | 13-15 | 16-18 | 19-21 | 22-24 | 25-27 || total
-------------------------+-------+-------+-------+-------+-------+-------+-------+-------+-------++-------
Melee: Spear             |   105 |    84 |       |       |       |       |       |       |       ||   189
       Flail             |       |   107 |   107 |       |       |       |       |       |       ||   214
       Hand axe          |       |       |   149 |   427 |  1474 |  1382 |   168 |       |       ||  3600
       Whip              |       |       |       |   258 |   272 |       |       |       |       ||   530
       Constrict         |       |       |       |       |   311 |   264 |   179 |   233 |   274 ||  1261
       War axe           |       |       |       |       |       |       |   779 |  1275 |  1850 ||  3904
       Unarmed           |       |       |       |       |       |       |       |     8 |       ||     8
       Broad axe         |       |       |       |       |       |       |       |       |   253 ||   253
Invok: Ancestor Identity |       |       |       |     2 |       |       |       |       |       ||     2
       Ancestor Life: He |       |       |       |     1 |       |       |       |       |       ||     1
       Recall Ancestor   |       |       |       |       |     2 |     5 |     1 |     4 |    13 ||    25
       Idealise          |       |       |       |       |     1 |     2 |       |     2 |     5 ||    10
 Abil: Spit Poison       |     9 |     8 |     5 |    13 |       |     1 |       |     2 |       ||    38
       Stop Flying       |       |       |       |       |       |       |       |     1 |     3 ||     4
       Evoke Flight      |       |       |       |       |       |       |       |     1 |     3 ||     4
Evoke: Wand              |       |       |     1 |       |     3 |       |       |     1 |    17 ||    22
       Sack of spiders   |       |       |       |       |       |       |       |     3 |     2 ||     5
       Lamp of fire      |       |       |       |       |       |       |       |       |     7 ||     7
       Phial of floods   |       |       |       |       |       |       |       |       |     5 ||     5
       Phantom mirror    |       |       |       |       |       |       |       |       |     1 ||     1
  Use: Potion            |       |     4 |     1 |     5 |     4 |     6 |     2 |       |    23 ||    45
       Scroll            |       |     3 |     4 |    11 |    14 |     8 |    16 |    19 |    37 ||   112
 Stab: Sleeping          |     5 |     7 |       |     1 |     1 |       |     7 |    19 |       ||    40
       Confused          |       |       |     1 |       |    13 |    10 |    70 |    82 |   113 ||   289
       Distracted        |       |       |       |     3 |    17 |    16 |     7 |    18 |    38 ||    99
       Invisible         |       |       |       |    10 |       |    12 |       |       |       ||    22
       Paralysed         |       |       |       |       |    21 |    62 |    33 |    47 |    67 ||   230
       Petrified         |       |       |       |       |       |     5 |       |       |       ||     5
  Eat: Chunk             |       |     8 |     5 |    17 |    27 |    14 |    20 |    17 |     4 ||   112
       Bread ration      |       |       |     2 |     2 |     3 |     2 |       |       |     6 ||    15
       Meat ration       |       |       |       |       |     3 |     2 |       |     2 |     1 ||     8
       Royal jelly       |       |       |       |       |       |       |       |       |     2 ||     2
Armor: Ring mail         |    30 |    56 |    32 |       |       |       |       |       |       ||   118
       Scale mail        |       |       |    70 |   232 |   595 |   522 |   161 |   115 |       ||  1695
       Plate armour      |       |       |       |       |       |       |       |   192 |    54 ||   246
       Gold dragon scale |       |       |       |       |       |       |       |       |   689 ||   689
Dodge: Dodged            |    38 |    61 |   123 |   253 |   577 |   542 |   177 |   207 |   288 ||  2266
Block: Buckler           |       |    53 |    54 |    86 |   219 |   185 |       |       |       ||   597
       Large shield      |       |       |       |       |       |   398 |   572 |   891 |  1727 ||  3588
       Reflection        |       |       |       |       |       |       |       |    31 |    79 ||   110

Vault maps used:
D:1:      kennysheep_arrival_forest
D:2:      kennysheep_slug_shrine, tso_metal_star, serial_forest,
          infiniplex_forest_straight_2, infiniplex_forest_lined_room_2,
          infiniplex_forest_lined_corner, infiniplex_forest_straight_4,
          infiniplex_forest_straight_3, infiniplex_forest_clump_double,
          infiniplex_forest_corner_1, infiniplex_forest_fountain
D:3:      kennysheep_generic_room_16
D:4:      dk_noncrumbling_3, minmay_tree_intersection
D:5:      temple_hall, first_bread
D:6:      led_sif_pool, lemuel_doored_altar, uniq_eustachio,
          uniq_prince_ribbit1, uniq_blork_the_orc
D:7:      makhleb_blood_cavern_becter, gammafunk_temple_overflow_statue
D:9:      erik_lair_orcish_takeover
D:10:     hangedman_pestilent_swarm, uniq_grum
D:11:     evilmike_butchery
D:12:     orc_0_dummy, special_room
D:13:     roderic_serpentine_path
D:14:     grunt_vaults_entry_tiered
D:15:     hangedman_depths_entry_civil_slaughter, serial_bayou_shore_a,
          minivault_19
Temple:   eino_wide_crystal_templ
Lair:1:   serial_bayou_shore_b
Lair:2:   elwin_shoals_entry_rooms, minmay_snake_entry_six_corridors
Lair:3:   minmay_another_anthill, grunt_megastairs_1
Lair:4:   basic_altar, portal_ice_cave_entry_animals_and_master,
          serial_bayou_pond_d
Lair:5:   basic_altar, roderic_batcave, beast_lair_carwin_2,
          serial_bayou_shore_b
Lair:6:   cheibrodos_lair_end_hotspot, slime_altar_1, st_stairs_13,
          uniq_josephine
Shoals:1: serial_shops, nicolae_shop_temple_entry_statues_fountains
Shoals:3: uniq_polyphemus
Shoals:4: shoals_end_simple, shoal_ilsuiw, nicolae_shoals_water_shrine,
          uniq_ilsuiw
Snake:1:  fake_guardian_serpent_vault, uniq_roxanne
Snake:3:  serial_shops, shop
Snake:4:  grunt_snake_rune_pools, spider_trap
Orc:2:    st_orc_mages, uniq_maurice
Elf:1:    minmay_elf_arrival_circle, special_room, hangedman_elf_represent,
          minmay_misc_feat_cross, uniq_donald, uniq_asterion
Elf:3:    minmay_elf_hall_not_hex, serial_shops, bzr_entry_safe, basic_altar,
          grunt_ministairs_1, nrook_mini_backslash, small_chamber_with_monster,
          palyth_stone_intersect
Vaults:1: ontoclasm_vaults_idyll, vaults_room_large_hall, v_misc_26,
          ontoclasm_vaults_bender, hangedman_vaults_cutoff,
          vaults_room_guarded_vault, ontoclasm_vaults_chip,
          ontoclasm_vaults_gateway, v_misc_28, hangedman_vaults_cutoff,
          dpeg_vaults_monster_row, v_misc_15, nicolae_vaults_little_ls,
          vaults_room_stairs_pillars, basic_altar
Vaults:2: minmay_crypt_entry_simple_plaza, v_pattern_5, vaults_room_fours,
          nicolae_vaults_network_quincunx, nicolae_vaults_little_squares_2,
          vaults_standard_mumra_x, vaults_room_hallway, vaults_room_pool,
          hangedman_vaults_locks
Vaults:3: v_pattern_2, nicolae_vaults_fighting_squares,
          vaults_mumra_minichess_inversion, hangedman_vaults_cutoff,
          hangedman_vaults_impose, hangedman_vaults_trim,
          nicolae_vaults_windows_and_doors_thing, ontoclasm_vaults_ligature,
          vaults_room_ringed_pool, grunt_vaults_trifunnel, vaults_dpeg_doors,
          v_misc_24, uniq_jory, uniq_margery
Vaults:4: st_spiral_rooms, vaults_room_fancy_cross, hangedman_vaults_nodes,
          nicolae_vaults_ring_of_whatevers, nicolae_vaults_yaktaur_gun_rack,
          ontoclasm_vaults_ring_small, nicolae_vaults_specimen_jars,
          ontoclasm_vaults_decontamination, vaults_dpeg_ring,
          vaults_room_door_ring, nicolae_vaults_border_crossing,
          nicolae_trove_entry_columns
Vaults:5: serial_shops
Crypt:1:  uniq_khufu
Crypt:2:  uniq_bai_suzhen
Depths:1: hell_entry, grunt_ministairs_2, nicolae_transmutations_shop,
          grunt_megastairs_2, kennysheep_random_hallway, minmay_shoptagon,
          firewood_loft, serial_bayou_shore_b
Depths:2: minmay_the_grid_triangle_9x9_recursive_2, abyss_entry,
          rand_demon_pan_entry_9, infiniplex_enter_wizlab_water,
          grunt_hell_entry_dis_grunt, hex_intersection,
          infiniplex_staircase_diamond, basic_stair_grate_trap
Depths:3: hangedman_grunt_twisty_little_passages, enter_ziggurat_e,
          hangedman_abyss_entry_splay, interstate_on_off, hell_entry, pan_entry,
          minmay_misc_feat_pillars, kennysheep_generic_room_11, uniq_jorgrun
Depths:4: minmay_concentric_multi, abyss_entry_small_statue_room, serial_shops,
          shop, hangedman_abyss_or_decor_slice, hell_entry,
          kennysheep_generic_room_2, uniq_xtahua
Depths:5: evilmike_zot_entry_argh, abyss_entry, hell_entry,
          nicolae_twisting_strands, nicolae_lava_and_water,
          lemuel_nasty_fountain, minmay_shop_grove
Zot:2:    grunt_megastairs_3
Zot:3:    lemuel_acid_trip
Zot:4:    guppyfry_library_mini, grunt_megastairs_4
Abyss:2:  evilmike_abyss_exit_1, evilmike_abyss_exit_chaos
Bazaar:   bazaar_minmay_generic_island
Trove:    trove_garden
IceCv:    ice_cave_statue_garden_teleport
WizLab:   wizlab_golubria

Table legend:
 A = Turns spent in this place as a percentage of turns spent in the entire game.
 B = Non-inter-level travel turns spent in this place as a percentage of non-inter-level travel turns spent in the entire game.
 C = Inter-level travel turns spent in this place as a percentage of turns spent in this place.
 D = Turns resting spent in this place as a percentage of non-inter-level travel turns spent in this place.
 E = Turns spent auto-exploring this place as a percentage of non-inter-level travel turns spent in this place.
 F = Non-inter-level travel turns spent in this place divided by the number of levels of this place that you've seen.
                   A       B       C       D       E      F
               +-------+-------+-------+-------+-------+----------------------
         Total | 100.0 | 100.0 |   0.7 |   2.4 |   7.4 | 388.0
       Dungeon |  20.0 |  19.8 |   1.6 |   2.0 |  11.2 | 292.1
        Temple |   0.1 |   0.1 |   3.4 |   0.0 |   7.1 |  28.0
          Lair |  12.6 |  12.6 |   0.6 |   3.6 |   5.6 | 466.2
        Shoals |   7.6 |   7.7 |   0.3 |   2.1 |   7.5 | 423.8
     Snake Pit |   7.0 |   7.0 |   0.6 |   3.2 |   9.1 | 386.8
  Orcish Mines |   2.5 |   2.5 |   0.9 |   0.0 |  13.5 | 274.5
   Elven Halls |   4.6 |   4.6 |   0.5 |   2.0 |   9.0 | 336.7
        Vaults |  17.0 |  17.0 |   0.4 |   1.8 |   7.2 | 753.2
         Crypt |   1.2 |   1.2 |   0.0 |   3.0 |   2.6 | 132.5
        Depths |  13.4 |  13.4 |   0.8 |   1.8 |   8.4 | 593.0
           Zot |  10.8 |  10.9 |   0.1 |   3.8 |   1.2 | 482.2
         Abyss |   0.3 |   0.3 |   0.0 |   0.0 |   0.0 |  58.0
        Bazaar |   0.2 |   0.2 |   0.0 |   0.0 |  13.5 |  52.0
         Trove |   0.3 |   0.3 |   0.0 |   0.0 |   0.0 |  69.0
      Ice Cave |   0.7 |   0.7 |   0.0 |   4.7 |   0.0 | 148.0
        Wizlab |   1.7 |   1.7 |   0.0 |   1.1 |   0.0 | 373.0
               +-------+-------+-------+-------+-------+----------------------

Table legend:
 A = Kills in this place as a percentage of kills in entire the game.
 B = Kills by you in this place as a percentage of kills by you in the entire game.
 C = Kills by friends in this place as a percentage of kills by friends in the entire game.
 D = Other kills in this place as a percentage of other kills in the entire game.
 E = Experience gained in this place as a percentage of experience gained in the entire game.
 F = Experience gained in this place divided by the number of levels of this place that you have seen.
                   A       B       C       D       E      F
               +-------+-------+-------+-------+-------+----------------------
         Total | 100.0 | 100.0 | 100.0 | 100.0 | 100.0 | 28662.5
       Dungeon |  17.7 |  18.4 |  13.4 |   4.2 |   5.0 | 5431.4
          Lair |  10.5 |  10.6 |  11.7 |   0.0 |   4.2 | 11368.2
        Shoals |   6.3 |   5.8 |  11.3 |   2.1 |   5.2 | 21180.5
     Snake Pit |   6.9 |   7.1 |   4.9 |   6.2 |   6.6 | 26904.0
  Orcish Mines |   4.9 |   5.1 |   3.6 |   2.1 |   1.0 | 8177.5
   Elven Halls |   4.0 |   4.1 |   2.8 |   4.2 |   4.1 | 22335.7
        Vaults |  22.4 |  22.2 |  20.6 |  41.7 |  27.0 | 88234.8
         Crypt |   1.3 |   1.4 |   0.0 |   0.0 |   1.0 | 8345.0
        Depths |  16.0 |  15.4 |  18.6 |  29.2 |  24.0 | 78458.4
           Zot |   8.2 |   7.8 |  12.1 |   8.3 |  20.7 | 67671.4
         Abyss |   0.1 |   0.1 |   0.0 |   0.0 |   0.0 | 424.0
      Ice Cave |   0.4 |   0.4 |   0.0 |   2.1 |   0.2 | 2460.0
        Wizlab |   1.4 |   1.5 |   0.8 |   0.0 |   1.0 | 16985.0
               +-------+-------+-------+-------+-------+----------------------
